 Dungeon Crawl Stone Soup version 0.27-a0-1188-g73eefd5def (webtiles) character file.

Game seed: 17216919092951875864

42 Zonian the Conjurer (level 3, -6/26 HPs)
             Began as a Draconian Conjurer on May 21, 2021.
             Mangled by Sigmund
             ... wielding a +0 scythe
              (10 damage)
             ... on level 3 of the Dungeon.
             The game lasted 00:02:47 (2673 turns).

Zonian the Conjurer (Draconian Conjurer)            Turns: 2673, Time: 00:02:48

Health: -6/26      AC:  5    Str:  9    XL:     3   Next: 35%
Magic:  1/6        EV: 12    Int: 24    God:
Gold:   82         SH:  0    Dex: 10    Spells: 3/6 levels left

rFire    . . .     SeeInvis .   h - +0 war axe
rCold    . . .     Faith    .   (no shield)
rNeg     . . .     Spirit   .   (armour unavailable)
rPois    .         Reflect  .   g - +0 hat
rElec    .         Harm     .   (no cloak)
rCorr    .         Rampage  .   (no gloves)
Will     .....                  (no boots)
Stlth    ++........             (no amulet)
HPRegen  0.08/turn              c - +6 ring of intelligence
MPRegen  0.10/turn              (no ring)

@: attractive, flying
A: AC +5, unfitting armour, cold-blooded
a: no special abilities


You were on level 3 of the Dungeon.
You visited 1 branch of the dungeon, and saw 3 of its levels.

You collected 82 gold pieces.

Inventory:

Hand Weapons
 b - a +0 hunting sling
 h - a +0 war axe (weapon)
Armour
 g - a +0 hat (worn)
Jewellery
 c - a +6 ring of intelligence (left hand)
 e - an amulet of faith
 f - a ring of magical power
Scrolls
 d - a scroll of fear {unknown}
 j - a scroll of teleportation {unknown}
 k - a scroll of enchant weapon {unknown}
Potions
 i - a potion of flight


   Skills:
 + Level 2.0 Dodging
 + Level 2.0 Stealth
 + Level 2.2 Spellcasting
 + Level 4.8 Conjurations


You had 3 spell levels left.
You knew the following spells:

 Your Spells              Type           Power      Damage    Failure   Level
a - Magic Dart            Conj           100%       1d8       1%          1
b - Searing Ray           Conj           52%        3d5       2%          2

Your spell library contained the following spells:

 Spells                   Type           Power      Damage    Failure   Level
 Corona                   Hex            2%         N/A       12%         1
 Dazzling Flash           Conj/Hex       28%        N/A       13%         3
 Ensorcelled Hibernation  Hex/Ice        4%         N/A       19%         2
 Confusing Touch          Hex            2%         N/A       34%         3
 Tukima's Dance           Hex            2%         N/A       34%         3
 Fulminant Prism          Conj/Hex       7%         3d7       41%         4
 Iskenderun's Mystic Bla  Conj/Tloc      14%        2d5       41%         4


Dungeon Overview and Level Annotations

Branches:
Dungeon (3/15)

Altars:

Annotations:
D:3 Sigmund


Innate Abilities, Weirdness & Mutations

Your plain brown scales are hard. (AC +5)
You cannot fit into any form of body armour.
You are cold-blooded and may be slowed by cold attacks.


Message History

You feel less confused. Sigmund misses you. Sigmund closely misses you.
You hit Sigmund but do no damage.
Sigmund is lightly wounded.
Sigmund misses you.
You barely miss Sigmund.
Sigmund is lightly wounded.
Sigmund barely misses you. Sigmund completely misses you.
You closely miss Sigmund.
Sigmund is lightly wounded.
Sigmund completely misses you.
You hit Sigmund but do no damage.
Your tail-slap misses Sigmund.
Sigmund is lightly wounded.
Sigmund misses you. Sigmund hits you with a +0 scythe!
You closely miss Sigmund.
Sigmund is lightly wounded.
Sigmund barely misses you.
You barely miss Sigmund. You tail-slap Sigmund.
Sigmund is moderately wounded.
Sigmund misses you. Sigmund hits you but does no damage.
Casting: Magic Dart (safe; 1% risk of failure)
Confirm with . or Enter, or press ? or * to list all spells.
Aiming: Searing Ray (safe; 2% risk of failure)
Press: ? - help, Shift-Dir - straight line, f/p - Sigmund
Aim: Sigmund, wielding a +0 scythe and wearing a +0 robe (moderately wounded, 77% to hit)
The searing ray hits Sigmund!
Sigmund is heavily wounded. (Press . to maintain the ray.) Sigmund hits you with a +0 scythe.
The searing ray misses Sigmund.
Sigmund gestures at himself while chanting.
Sigmund flickers and vanishes!
Deactivating autopickup; reactivate with Ctrl-A.
Unknown command.
The searing ray hits something.
Something hits you.
* * * LOW HITPOINT WARNING * * *
Unknown command.
The searing ray hits something.
You finish channeling your searing ray.
Something hits you!
You die...

.. #$# ..##
#.# .... #.#
.##.. #.#
........# ###
.##...#.##...#
........{....#
#@# #.# #<#
#.# #.# #.#
#.# #.# #..


There were no monsters in sight!

Vanquished Creatures
  A dart slug (D:1)
  6 bats
  4 endoplasms
  2 goblins
  6 hobgoblins
  3 ball pythons
  4 frilled lizards
  7 kobolds
  7 rats
40 creatures vanquished.

Vanquished Creatures (others)
  33 plants (D:2)
33 creatures vanquished.

Grand Total: 73 creatures vanquished

Notes
Turn   | Place    | Note
-------+----------+-------------------------------------------
     0 | D:1      | Zonian the Draconian Conjurer began the quest for the Orb.
     0 | D:1      | Reached XP level 1. HP: 14/14 MP: 3/3
   554 | D:1      | Reached XP level 2. HP: 20/20 MP: 1/5
   908 | D:1      | Learned a level 2 spell: Searing Ray
  1885 | D:2      | Reached XP level 3. HP: 26/26 MP: 6/6
  2657 | D:3      | Noticed Sigmund
  2673 | D:3      | Mangled by Sigmund

Illustrated notes

Levels and vault maps discovered:
D:1:      minmay_arrival_three_doors, layout_basic, st_stairs_2,
          hangedman_feature_mirror, hangedman_decor_growths,
          hangedman_decor_opposing
D:2:      layout_basic, serial_bayou_lagoon_a
D:3:      layout_loops_ring, serial_shops, shop_coins, nicolae_shop_stone,
          nicolae_shop_stone, shop, chequers_serial_rivers_micro_b,
          uniq_terence, uniq_sigmund

Skill      XL: |  1  2  3 |
---------------+----------+-----
Dodging        | 2 |  2.0
Stealth        | 2 |  2.0
Spellcasting   | |  2.2
Conjurations   | |  4.8

Action                   || total
-------------------------++-------
Melee: Unarmed           ||     4
       War axe           ||    14
       Tailslap          ||     1
 Cast: Magic Dart        ||    73
       Searing Ray       ||     1
  Use: Potion            ||     2
Armor: Skin              ||     5
Dodge: Dodged            ||    16

Table legend: (Time is in decaauts)
 A = Elapsed time spent in this place.
 B = Non-inter-level travel time spent in this place.
 C = Inter-level travel time spent in this place.
 D = Time resting spent in this place.
 E = Time spent auto-exploring this place.
 F = Levels seen in this place.
 G = Mean time per level.
                   A        B        C        D        E       F      G
               +--------+--------+--------+--------+--------+-----+--------+
         Total |   2693 |   2635 |     58 |    374 |   2011 |   3 |  897.7 |
       Dungeon |   2693 |   2635 |     58 |    374 |   2011 |   3 |  897.7 |
               +--------+--------+--------+--------+--------+-----+--------+

Top non-repeatable levels by time:
     D:1: 1714 daAuts
     D:2: 956 daAuts
     D:3: 21 daAuts
